HSSL
FORT WORTH HS TURKEYS @ EVANS HS KNIGHTS
05/10/2029
 
TOP OF THE 1ST
Fort Worth HS Turkeys batting - Pitching for Evans HS Knights : RHP Robert Newton
Pitching: RHP Robert Newton
Batting: RHB Terry McRa 0-0: Ball
1-0: Ball
2-0: Swinging Strike
2-1: Ball
3-1: Base on Balls
Batting: RHB Denny Dennis 0-0: Ground out 5-3 (Groundball, 56S)
Terry McRa to second
Batting: LHB Francisco Madraso 0-0: Foul Ball, location: 2F
0-1: Ball
1-1: Foul Ball, location: 2F
1-2: Ball
2-2: Foul Ball, location: 2F
2-2: Ball
3-2: Fly out, F6 (Popup, 6D)
Batting: LHB Fernando García 0-0: Ball
1-0: Foul Ball, location: 2F
1-1: Ball
2-1: Ball
3-1: Base on Balls
Batting: LHB Mike Richardson 0-0: Ball
1-0: Swinging Strike
1-1: Ball
2-1: Swinging Strike
2-2: Foul Ball, location: 2F
2-2: Ball
3-2: Strikes out looking
Top of the 1st over - 0 runs, 0 hits, 0 errors, 2 left on base; Fort Worth HS 0 - Evans HS 0
BOTTOM OF THE 1ST
Evans HS Knights batting - Pitching for Fort Worth HS Turkeys : RHP Rubén Ocampo
Pitching: RHP Rubén Ocampo
Batting: RHB Ira Martin 0-0: Ball
1-0: Ball
2-0: Ball
3-0: Base on Balls
Batting: RHB Louis-Alexandre Lévesque 0-0: Ball
Throwing error on steal attempt, E2
Ira Martin to third
1-0: Ball
2-0: Swinging Strike
2-1: Called Strike
2-2: Foul Ball, location: 2F
2-2: SINGLE (Groundball, 34D)
Ira Martin scores
Batting: SHB Lucas Bentley 0-0: Foul Ball, location: 2F
0-1: Ball
1-1: Foul Ball, location: 2F
1-2: Ball
2-2: Fielders Choice at 2nd, 1-6 (Groundball, 13)
Batting: RHB James Bennett 0-0: Ball
1-0: Ball
2-0: Swinging Strike
2-1: Ball
3-1: Foul Ball, location: 2F
3-2: Foul Ball, location: 2F
3-2: Base on Balls
Lucas Bentley to second
Batting: RHB Deron Rolen 0-0: Ball
1-0: Ball
2-0: Foul Ball, location: 2F
2-1: Ball
3-1: Called Strike
3-2: Strikes out looking
Batting: RHB Tom Proctor 0-0: Ball
1-0: Foul Ball, location: 2F
1-1: SINGLE (Line Drive, 78M)
Lucas Bentley to third
James Bennett to second
Runner from 3rd tries for Home, SAFE, throw made home
Batting: RHB Scott Wells 0-0: Fielders Choice at 2nd, 6-4 (Groundball, 6)
Bottom of the 1st over - 2 runs, 2 hits, 1 error, 2 left on base; Fort Worth HS 0 - Evans HS 2
TOP OF THE 2ND
Fort Worth HS Turkeys batting - Pitching for Evans HS Knights : RHP Robert Newton
Batting: RHB Tristan Vincent 0-0: Called Strike
0-1: Ball
1-1: Ball
2-1: Ball
3-1: Base on Balls
Batting: LHB Theodore Wilkerson 0-0: Ball
1-0: Fly out, F3 (Popup, 3F)
Batting: RHB Cameron Harris 0-0: Ball
1-0: Foul Ball, location: 2F
1-1: Ball
2-1: SINGLE (Groundball, 34D)
Tristan Vincent to second
Batting: RHB Mike Casey 0-0: Called Strike
0-1: Called Strike
0-2: Strikes out looking
Batting: RHB Terry McRa 0-0: SINGLE (Line Drive, 8LS)
Tristan Vincent to third
Cameron Harris to second
Batting: RHB Denny Dennis 0-0: Called Strike
0-1: Ball
1-1: Foul Ball, location: 2F
1-2: Hit by Pitch
Tristan Vincent scores
Cameron Harris to third
Terry McRa to second
Batting: LHB Francisco Madraso 0-0: Foul Ball, location: 2F
0-1: Ball
1-1: Ball
2-1: Foul Ball, location: 2F
2-2: Foul Ball, location: 2F
2-2: Strikes out swinging
Top of the 2nd over - 1 run, 2 hits, 0 errors, 3 left on base; Fort Worth HS 1 - Evans HS 2
BOTTOM OF THE 2ND
Evans HS Knights batting - Pitching for Fort Worth HS Turkeys : RHP Rubén Ocampo
Batting: RHB Gerald Hayes 0-0: Ground out 4-3 (Groundball, 4MS)
Batting: SHB Powell Phillips 0-0: Called Strike
0-1: Ball
1-1: Swinging Strike
1-2: Strikes out swinging
Batting: RHB Ira Martin 0-0: Called Strike
0-1: Swinging Strike
0-2: Ball
1-2: Foul Ball, location: 2F
1-2: Fly out, F8 (Flyball, 8RM)
Bottom of the 2nd over - 0 runs, 0 hits, 0 errors, 0 left on base; Fort Worth HS 1 - Evans HS 2
TOP OF THE 3RD
Fort Worth HS Turkeys batting - Pitching for Evans HS Knights : RHP Robert Newton
Batting: LHB Fernando García 0-0: Called Strike
0-1: Fly out, F8 (Flyball, 8LD)
Batting: LHB Mike Richardson 0-0: Called Strike
0-1: Foul Ball, location: 2F
0-2: Ball
1-2: Ball
2-2: SINGLE (Flyball, 8LS)
Batting: RHB Tristan Vincent 0-0: Grounds into double play, 4-6-3 (Groundball, 4)
Top of the 3rd over - 0 runs, 1 hit, 0 errors, 0 left on base; Fort Worth HS 1 - Evans HS 2
BOTTOM OF THE 3RD
Evans HS Knights batting - Pitching for Fort Worth HS Turkeys : RHP Rubén Ocampo
Batting: RHB Louis-Alexandre Lévesque 0-0: Ground out 6-3 (Groundball, 6)
Batting: SHB Lucas Bentley 0-0: Ball
1-0: Ball
2-0: Ball
3-0: Called Strike
3-1: Foul Ball, location: 2F
3-2: SINGLE (Groundball, 6D)
Batting: RHB James Bennett 0-0: Ball
1-0: Ball
2-0: Ball
3-0: Foul Ball, location: 2F
3-1: Base on Balls
Lucas Bentley to second
Batting: RHB Deron Rolen 0-0: Ball
1-0: Foul Ball, location: 2F
1-1: Ball
2-1: Grounds into double play, 6-4-3 (Groundball, 6)
Bottom of the 3rd over - 0 runs, 1 hit, 0 errors, 1 left on base; Fort Worth HS 1 - Evans HS 2
TOP OF THE 4TH
Fort Worth HS Turkeys batting - Pitching for Evans HS Knights : RHP Robert Newton
Batting: LHB Theodore Wilkerson 0-0: Ball
1-0: Ball
2-0: Called Strike
2-1: Foul Ball, location: 2F
2-2: Ball
3-2: Foul Ball, location: 2F
3-2: Fly out, F7 (Flyball, 7LSF)
Batting: RHB Cameron Harris 0-0: Ball
1-0: Ball
2-0: Ball
3-0: Base on Balls
Batting: RHB Mike Casey 0-0: Called Strike
Cameron Harris steals 2nd base
0-1: Ball
1-1: DOUBLE (Line Drive, 8RD)
Cameron Harris scores
Batting: RHB Terry McRa 0-0: Called Strike
0-1: Ground out U3 (Groundball, 3)
Mike Casey to third
Batting: RHB Denny Dennis 0-0: Ball
1-0: Ball
2-0: Ball
3-0: Called Strike
3-1: Fly out, F9 (Flyball, 9LSF)
Top of the 4th over - 1 run, 1 hit, 0 errors, 1 left on base; Fort Worth HS 2 - Evans HS 2
BOTTOM OF THE 4TH
Evans HS Knights batting - Pitching for Fort Worth HS Turkeys : RHP Rubén Ocampo
Batting: RHB Tom Proctor 0-0: Called Strike
0-1: Ball
1-1: Swinging Strike
1-2: Ball
2-2: Foul Ball, location: 2F
2-2: Foul Ball, location: 2F
2-2: Ball
3-2: Foul Ball, location: 2F
3-2: Strikes out swinging
Batting: RHB Scott Wells 0-0: Foul Ball, location: 2F
0-1: Swinging Strike
0-2: Ball
1-2: Foul Ball, location: 2F
1-2: Foul Ball, location: 2F
1-2: Ball
2-2: Ball
3-2: Base on Balls
Batting: RHB Gerald Hayes 0-0: Ball
1-0: Ball
2-0: Called Strike
2-1: Ball
3-1: Base on Balls
Scott Wells to second
Pitching: RHP Danny Hartman
Batting: SHB Powell Phillips 0-0: Ball
1-0: Foul Ball, location: 2F
1-1: Swinging Strike
1-2: Ball
2-2: Strikes out swinging
Batting: RHB Ira Martin 0-0: Ground out 1-3 (Groundball, 15S)
Bottom of the 4th over - 0 runs, 0 hits, 0 errors, 2 left on base; Fort Worth HS 2 - Evans HS 2
TOP OF THE 5TH
Fort Worth HS Turkeys batting - Pitching for Evans HS Knights : RHP Robert Newton
Batting: LHB Francisco Madraso 0-0: Ball
1-0: Ball
2-0: Ball
3-0: Base on Balls
Pitching: RHP Cameron Gorringe
Batting: LHB Fernando García 0-0: Ball
1-0: Ball
2-0: Ball
3-0: Base on Balls
Francisco Madraso to second
Batting: LHB Mike Richardson 0-0: Called Strike
0-1: 3-RUN HOME RUN (Flyball, 7LD), Distance : 346 ft
Batting: RHB Tristan Vincent 0-0: Called Strike
0-1: Called Strike
0-2: Ground out 4-3 (Groundball, 4M)
Batting: LHB Theodore Wilkerson 0-0: Ball
1-0: Called Strike
1-1: Ball
2-1: Foul Ball, location: 2F
2-2: SOLO HOME RUN (Flyball, 9D), Distance : 390 ft
Batting: RHB Cameron Harris 0-0: Called Strike
0-1: Swinging Strike
0-2: Strikes out swinging
Batting: RHB Mike Casey 0-0: Ball
1-0: Called Strike
1-1: Foul Ball, location: 2F
1-2: Foul Ball, location: 2F
1-2: Ball
2-2: SINGLE (Groundball, 6MD)
Pitching: RHP Steve De Los Santos
Batting: RHB Terry McRa 0-0: Called Strike
0-1: Called Strike
0-2: Ball
Mike Casey is caught stealing 2nd base
Top of the 5th over - 4 runs, 3 hits, 0 errors, 0 left on base; Fort Worth HS 6 - Evans HS 2
BOTTOM OF THE 5TH
Evans HS Knights batting - Pitching for Fort Worth HS Turkeys : RHP Danny Hartman
Batting: RHB Louis-Alexandre Lévesque 0-0: Called Strike
0-1: Ground out 4-3 (Groundball, 4M)
Batting: SHB Lucas Bentley 0-0: Swinging Strike
0-1: Foul Ball, location: 2F
0-2: Ball
1-2: Ball
2-2: Ball
3-2: Base on Balls
Batting: RHB James Bennett 0-0: Swinging Strike
0-1: Called Strike
0-2: Strikes out swinging
Batting: RHB Deron Rolen 0-0: Called Strike
0-1: Ground out 3-1 (Groundball, 34S)
Bottom of the 5th over - 0 runs, 0 hits, 0 errors, 1 left on base; Fort Worth HS 6 - Evans HS 2
TOP OF THE 6TH
Fort Worth HS Turkeys batting - Pitching for Evans HS Knights : RHP Steve De Los Santos
Batting: RHB Terry McRa 0-0: Ball
1-0: Ball
2-0: Ball
3-0: Base on Balls
Batting: RHB Denny Dennis 0-0: Foul Ball, location: 2F
0-1: Ball
Pickoff Throw by Catcher to First - Error! E2
Terry McRa to second
1-1: Called Strike
1-2: Strikes out swinging
Batting: LHB Francisco Madraso 0-0: Intentional Walk
Batting: LHB Fernando García 0-0: Foul Ball, location: 2F
0-1: Ball
1-1: SINGLE (Flyball, 56D)
Terry McRa to third
Francisco Madraso to second
Batting: LHB Mike Richardson 0-0: Ball
1-0: Ball
2-0: Ball
3-0: Base on Balls
Terry McRa scores
Francisco Madraso to third
Fernando García to second
Batting: RHB Tristan Vincent 0-0: Ball
1-0: Called Strike
1-1: Fly out, F9 (Flyball, 9LMF)
Runner from 3rd tags up, SCORES, no throw
Batting: LHB Theodore Wilkerson 0-0: Ground out 3-1 (Groundball, 34)
Top of the 6th over - 2 runs, 1 hit, 1 error, 2 left on base; Fort Worth HS 8 - Evans HS 2
BOTTOM OF THE 6TH
Evans HS Knights batting - Pitching for Fort Worth HS Turkeys : RHP Danny Hartman
Batting: RHB Tom Proctor 0-0: Called Strike
0-1: Ball
1-1: Foul Ball, location: 2F
1-2: Ball
2-2: Ball
3-2: Foul Ball, location: 2F
3-2: Base on Balls
Batting: RHB Scott Wells 0-0: Ball
1-0: Ball
2-0: Ball
3-0: Called Strike
3-1: DOUBLE (Line Drive, 8RD)
Tom Proctor to third
Batting: RHB Gerald Hayes 0-0: Called Strike
0-1: Foul Ball, location: 2F
0-2: Ball
1-2: Ball
2-2: Ball
3-2: Strikes out swinging
Batting: SHB Powell Phillips 0-0: Called Strike
0-1: Ball
1-1: Ball
2-1: SINGLE (Groundball, 34D)
Tom Proctor scores
Scott Wells to third
Runner from 3rd tries for Home, SAFE, throw made home
Powell Phillips to second
Pitching: RHP Juan Reyes
Batting: RHB Ira Martin 0-0: Called Strike
0-1: Foul Ball, location: 2F
0-2: Foul Ball, location: 2F
0-2: Fly out, F9 (Flyball, 9LDF)
Runner from 2nd tags up, SAFE at 3rd, no throw
Batting: RHB Louis-Alexandre Lévesque 0-0: Foul Ball, location: 2F
0-1: Ball
1-1: Ball
2-1: Foul Ball, location: 2F
2-2: Fly out, F8 (Flyball, 8LS)
Bottom of the 6th over - 2 runs, 2 hits, 0 errors, 1 left on base; Fort Worth HS 8 - Evans HS 4
TOP OF THE 7TH
Fort Worth HS Turkeys batting - Pitching for Evans HS Knights : RHP Steve De Los Santos
Pitching: RHP Jack Cook
Batting: RHB Cameron Harris 0-0: Ball
1-0: Foul Ball, location: 2F
1-1: Foul Ball, location: 2F
1-2: SOLO HOME RUN (Flyball, 7D), Distance : 382 ft
Batting: RHB Mike Casey 0-0: Ball
1-0: Swinging Strike
1-1: Foul Ball, location: 2F
1-2: Ball
2-2: Strikes out swinging
Batting: RHB Terry McRa 0-0: Ball
1-0: Ball
2-0: Ball
3-0: Foul Ball, location: 2F
3-1: Base on Balls
Batting: RHB Denny Dennis 0-0: Foul Ball, location: 2F
0-1: Ball
1-1: Fly out, F8 (Flyball, 8RS)
Batting: LHB Francisco Madraso 0-0: Called Strike
0-1: Foul Ball, location: 2F
0-2: Fly out, F7 (Flyball, 7S)
Top of the 7th over - 1 run, 1 hit, 0 errors, 1 left on base; Fort Worth HS 9 - Evans HS 4
BOTTOM OF THE 7TH
Evans HS Knights batting - Pitching for Fort Worth HS Turkeys : RHP Juan Reyes
Batting: SHB Lucas Bentley 0-0: Called Strike
0-1: Ball
1-1: Swinging Strike
1-2: Ball
2-2: DOUBLE (Line Drive, 9LS) - OUT at third base trying to stretch hit.
Batting: RHB James Bennett 0-0: Ball
1-0: Ball
2-0: Ball
3-0: Base on Balls
Batting: RHB Deron Rolen 0-0: Called Strike
0-1: Called Strike
0-2: Ball
1-2: Strikes out swinging
Batting: RHB Tom Proctor 0-0: Ball
1-0: Foul Ball, location: 2F
1-1: Called Strike
1-2: Foul Ball, location: 2F
1-2: SINGLE (Groundball, 6D)
James Bennett to second
Batting: RHB Scott Wells 0-0: Ball
1-0: Foul Ball, location: 2F
1-1: Foul Ball, location: 2F
1-2: Ball
2-2: Foul Ball, location: 2F
2-2: Ball
3-2: Foul Ball, location: 2F
3-2: Foul Ball, location: 2F
3-2: SINGLE (Groundball, 4MD)
James Bennett to third
Tom Proctor to second
James Bennett scores
Tom Proctor to third
Batting: RHB Gerald Hayes 0-0: Called Strike
0-1: Ball
1-1: Ball
2-1: Ball
3-1: Base on Balls
Scott Wells to second
Batting: SHB Powell Phillips 0-0: Ball
1-0: Ball
2-0: Ball
3-0: Base on Balls
Tom Proctor scores
Scott Wells to third
Gerald Hayes to second
Pitching: RHP Rodney Clemente
Batting: RHB Ira Martin 0-0: Called Strike
0-1: Called Strike
0-2: Foul Ball, location: 2F
0-2: Fly out, F8 (Flyball, 8LM)
Bottom of the 7th over - 2 runs, 3 hits, 0 errors, 3 left on base; Fort Worth HS 9 - Evans HS 6
TOP OF THE 8TH
Fort Worth HS Turkeys batting - Pitching for Evans HS Knights : RHP Jack Cook
Batting: LHB Fernando García 0-0: Ground out U3 (Groundball, 3S)
Batting: LHB Mike Richardson 0-0: Ball
1-0: Ball
2-0: Ball
3-0: Called Strike
3-1: Base on Balls
Batting: RHB Tristan Vincent 0-0: Ball
1-0: Called Strike
1-1: Called Strike
1-2: Ball
2-2: Fly out, F9 (Flyball, 9S)
Batting: LHB Theodore Wilkerson 0-0: Called Strike
0-1: Fly out, F9 (Flyball, 9LS)
Top of the 8th over - 0 runs, 0 hits, 0 errors, 1 left on base; Fort Worth HS 9 - Evans HS 6
BOTTOM OF THE 8TH
Evans HS Knights batting - Pitching for Fort Worth HS Turkeys : RHP Rodney Clemente
Batting: RHB Louis-Alexandre Lévesque 0-0: Ball
1-0: Called Strike
1-1: Swinging Strike
1-2: Ground out 1-3 (Groundball, P)
Batting: SHB Lucas Bentley 0-0: Ball
1-0: Ball
2-0: Ball
3-0: Base on Balls
Batting: RHB James Bennett 0-0: Called Strike
0-1: Ball
1-1: SINGLE (Groundball, 4D)
Lucas Bentley to second
Batting: RHB Deron Rolen 0-0: Called Strike
0-1: Foul Ball, location: 2F
0-2: Strikes out swinging
Batting: RHB Tom Proctor 0-0: Called Strike
0-1: SINGLE (Flyball, 78S)
Lucas Bentley to third
James Bennett to second
Runner from 3rd tries for Home, SAFE, throw made home
Batting: RHB Scott Wells 0-0: Ball
1-0: Swinging Strike
1-1: Fly out, F4 (Popup, 34)
Bottom of the 8th over - 1 run, 2 hits, 0 errors, 2 left on base; Fort Worth HS 9 - Evans HS 7
TOP OF THE 9TH
Fort Worth HS Turkeys batting - Pitching for Evans HS Knights : RHP Jack Cook
Pitching: RHP Ken Gardner
Batting: RHB Cameron Harris 0-0: Ball
1-0: Ball
2-0: SOLO HOME RUN (Flyball, 7D), Distance : 402 ft
Batting: RHB Mike Casey 0-0: Ball
1-0: Foul Ball, location: 2F
1-1: Called Strike
1-2: Foul Ball, location: 2F
1-2: Ball
2-2: Ball
3-2: Foul Ball, location: 2F
3-2: Strikes out looking
Batting: RHB Terry McRa 0-0: Ground out 5-3 (Groundball, 56)
Batting: RHB Denny Dennis 0-0: Called Strike
0-1: Foul Ball, location: 2F
0-2: Foul Ball, location: 2F
0-2: Ground out 6-3 (Groundball, 6)
Top of the 9th over - 1 run, 1 hit, 0 errors, 0 left on base; Fort Worth HS 10 - Evans HS 7
BOTTOM OF THE 9TH
Evans HS Knights batting - Pitching for Fort Worth HS Turkeys : RHP Rodney Clemente
Pitching: RHP Emmett Arbuckle
Batting: RHB Gerald Hayes 0-0: Called Strike
0-1: SINGLE (Line Drive, 6MD)
Batting: SHB Powell Phillips 0-0: Ball
1-0: Ball
2-0: Called Strike
2-1: Foul Ball, location: 2F
2-2: SINGLE (Groundball, 34D)
Gerald Hayes to second
Batting: RHB Ira Martin 0-0: Called Strike
0-1: Ball
1-1: Swinging Strike
1-2: Fly out, F9 (Flyball, 9LS)
Batting: RHB Louis-Alexandre Lévesque 0-0: Swinging Strike
0-1: Foul Ball, location: 2F
0-2: Foul Ball, location: 2F
0-2: Ball
1-2: Foul Ball, location: 2F
1-2: Grounds into double play, 5-4-3 (Groundball, 56)
Bottom of the 9th over - 0 runs, 2 hits, 0 errors, 1 left on base; Fort Worth HS 10 - Evans HS 7
Saturday, December 16th, 2017 - OOTP Baseball 18.8 Build 76